| TOP OF THE 1ST |
|
Lehigh Valley IronPigs batting - Pitching for Gwinnett Braves : RHP Phil Feldscher
|
|
Pitching: RHP Phil Feldscher
|
|
|
Batting: LHB Chris Moody
|
0-0: Ball 1-0: Called Strike 1-1: Ball 2-1: Ground out U3 (Groundball, 3, EV 86.9 MPH)
|
|
Batting: RHB Mark Schultz
|
0-0: Foul Ball, location: 2F 0-1: Foul Ball, location: 2F 0-2: Foul Ball, location: 2F 0-2: Foul Ball, location: 2F 0-2: Ball 1-2: Ball 2-2: Ball 3-2: Ground out 6-3 (Groundball, 6, EV 85.6 MPH)
|
|
Batting: RHB Melchor Sovrivilla
|
0-0: SINGLE (Flyball, 9S, EV 96.9 MPH)
|
|
Batting: RHB Jose Leon
|
0-0: Fielders Choice at 2nd, U4 (Groundball, 4M, EV 90.6 MPH)
|
| Top of the 1st over - 0 runs, 1 hit, 0 errors, 1 left on base; Lehigh Valley 0 - Gwinnett 0 |
| BOTTOM OF THE 1ST |
|
Gwinnett Braves batting - Pitching for Lehigh Valley IronPigs : RHP Lida Sestak
|
|
Pitching: RHP Lida Sestak
|
|
|
Batting: RHB Jeremy Giesler
|
0-0: Ball 1-0: Foul Ball, location: 2F 1-1: Ball 2-1: Fly out, F7 (Flyball, 7S, EV 90.6 MPH)
|
|
Batting: RHB Alex Munoz
|
0-0: Ball 1-0: Ground out 6-3 (Groundball, 56, EV 100.0 MPH)
|
|
Batting: SHB Bob Morales
|
0-0: Swinging Strike 0-1: SOLO HOME RUN (Flyball, 89XD, EV 100.0 MPH), Distance : 392 ft
|
|
Batting: RHB Muneer Maudad
|
0-0: Ball 1-0: Ball 2-0: Called Strike 2-1: Foul Ball, location: 2F 2-2: Fly out, F8 (Flyball, 8RM, EV 96.2 MPH)
|
| Bottom of the 1st over - 1 run, 1 hit, 0 errors, 0 left on base; Lehigh Valley 0 - Gwinnett 1 |
| TOP OF THE 2ND |
|
Lehigh Valley IronPigs batting - Pitching for Gwinnett Braves : RHP Phil Feldscher
|
|
Batting: LHB Jose Carlos
|
0-0: Ball 1-0: Foul Ball, location: 2F 1-1: Foul Ball, location: 2F 1-2: Strikes out swinging
|
|
Batting: SHB Josh Schultze
|
0-0: Ball 1-0: Ground out U3 (Groundball, 34S, EV 86.2 MPH)
|
|
Batting: SHB Kaname Fujimoto
|
0-0: SINGLE (Flyball, 3D, EV 81.9 MPH)
|
|
Batting: LHB Pat Shaddock
|
0-0: Ball 1-0: Called Strike 1-1: Ball 2-1: Called Strike 2-2: Ball 3-2: Strikes out swinging
|
| Top of the 2nd over - 0 runs, 1 hit, 0 errors, 1 left on base; Lehigh Valley 0 - Gwinnett 1 |
| BOTTOM OF THE 2ND |
|
Gwinnett Braves batting - Pitching for Lehigh Valley IronPigs : RHP Lida Sestak
|
|
Batting: SHB Brian Bagley
|
0-0: Ball 1-0: Called Strike 1-1: Ground out 3-1 (Groundball, 3L, EV 103.8 MPH)
|
|
Batting: LHB Mark Buchholz
|
0-0: Foul Ball, location: 2F 0-1: Ground out 4-3 (Groundball, 34, EV 90.0 MPH)
|
|
Batting: RHB Nate Taylor
|
0-0: Called Strike 0-1: Ball 1-1: Ball 2-1: Fly out, F8 (Line Drive, 8RM, EV 106.2 MPH)
|
| Bottom of the 2nd over - 0 runs, 0 hits, 0 errors, 0 left on base; Lehigh Valley 0 - Gwinnett 1 |
| TOP OF THE 3RD |
|
Lehigh Valley IronPigs batting - Pitching for Gwinnett Braves : RHP Phil Feldscher
|
|
Batting: LHB Tom Edwards
|
0-0: Called Strike 0-1: Ball 1-1: Ball 2-1: Fly out, F8 (Line Drive, 78M, EV 102.5 MPH)
|
|
Batting: LHB Chris Moody
|
0-0: Ball 1-0: Ball 2-0: Foul Ball, location: 2F 2-1: Foul Ball, location: 2F 2-2: Ground out 6-3 (Groundball, 6, EV 83.8 MPH)
|
|
Batting: RHB Mark Schultz
|
0-0: Fly out, F4 (Popup, 34, EV 59.4 MPH)
|
| Top of the 3rd over - 0 runs, 0 hits, 0 errors, 0 left on base; Lehigh Valley 0 - Gwinnett 1 |
| BOTTOM OF THE 3RD |
|
Gwinnett Braves batting - Pitching for Lehigh Valley IronPigs : RHP Lida Sestak
|
|
Batting: RHB Edgar Castillo
|
0-0: Ball 1-0: Ball 2-0: Ground out 4-3 (Groundball, 34, EV 81.2 MPH)
|
|
Batting: SHB Eric Reeser
|
0-0: Foul Ball, location: 2F 0-1: Ball 1-1: Swinging Strike 1-2: Hit by Pitch
|
|
Batting: RHB Jeremy Giesler
|
0-0: Foul Ball, location: 2F 0-1: Ball 1-1: Foul Ball, location: 2F 1-2: Ball 2-2: Ball 3-2: Base on Balls Eric Reeser to second
|
|
Batting: RHB Alex Munoz
|
0-0: Fly out, F8 (Flyball, 8LM, EV 73.8 MPH)
|
|
Batting: SHB Bob Morales
|
0-0: Ball 1-0: Foul Ball, location: 2F 1-1: Ball 2-1: Swinging Strike 2-2: Strikes out looking
|
| Bottom of the 3rd over - 0 runs, 0 hits, 0 errors, 2 left on base; Lehigh Valley 0 - Gwinnett 1 |
| TOP OF THE 4TH |
|
Lehigh Valley IronPigs batting - Pitching for Gwinnett Braves : RHP Phil Feldscher
|
|
Batting: RHB Melchor Sovrivilla
|
0-0: Ball 1-0: Ball 2-0: Called Strike 2-1: Foul Ball, location: 2F 2-2: Ball 3-2: Foul Ball, location: 2F 3-2: Base on Balls
|
|
Batting: RHB Jose Leon
|
0-0: Ball 1-0: Ball 2-0: Called Strike 2-1: Foul Ball, location: 2F 2-2: Grounds into double play, 6-4-3 (Groundball, 6, EV 83.8 MPH)
|
|
Batting: LHB Jose Carlos
|
0-0: Ball 1-0: Ball 2-0: Ball 3-0: Base on Balls
|
|
Batting: SHB Josh Schultze
|
0-0: Fly out, F8 (Flyball, 78M, EV 81.9 MPH)
|
| Top of the 4th over - 0 runs, 0 hits, 0 errors, 1 left on base; Lehigh Valley 0 - Gwinnett 1 |
| BOTTOM OF THE 4TH |
|
Gwinnett Braves batting - Pitching for Lehigh Valley IronPigs : RHP Lida Sestak
|
|
Batting: RHB Muneer Maudad
|
0-0: SINGLE (Groundball, 6D, EV 107.5 MPH)
|
|
Batting: SHB Brian Bagley
|
0-0: Grounds into double play, 3-6-3 (Groundball, 3, EV 107.5 MPH)
|
|
Batting: LHB Mark Buchholz
|
0-0: Fly out, F9 (Flyball, 9, EV 87.5 MPH)
|
| Bottom of the 4th over - 0 runs, 1 hit, 0 errors, 0 left on base; Lehigh Valley 0 - Gwinnett 1 |
| TOP OF THE 5TH |
|
Lehigh Valley IronPigs batting - Pitching for Gwinnett Braves : RHP Phil Feldscher
|
|
Batting: SHB Kaname Fujimoto
|
0-0: Fly out, F8 (Flyball, 8RM, EV 93.1 MPH)
|
|
Batting: LHB Pat Shaddock
|
0-0: Fly out, F6 (Line Drive, 6, EV 68.8 MPH)
|
|
Batting: LHB Tom Edwards
|
0-0: Foul Ball, location: 2F 0-1: Foul Ball, location: 2F 0-2: Foul Ball, location: 2F 0-2: Ball 1-2: Strikes out swinging
|
| Top of the 5th over - 0 runs, 0 hits, 0 errors, 0 left on base; Lehigh Valley 0 - Gwinnett 1 |
| BOTTOM OF THE 5TH |
|
Gwinnett Braves batting - Pitching for Lehigh Valley IronPigs : RHP Lida Sestak
|
|
Batting: RHB Nate Taylor
|
0-0: Swinging Strike 0-1: Ball 1-1: Fly out, F9 (Flyball, 9LSF, EV 78.8 MPH)
|
|
Batting: RHB Edgar Castillo
|
0-0: DOUBLE (Line Drive, 89D, EV 102.5 MPH)
|
|
Batting: SHB Eric Reeser
|
0-0: Called Strike 0-1: Ball Wild Pitch! Edgar Castillo to third 1-1: Fly out, F9 (Flyball, 9LSF, EV 76.9 MPH)
|
|
Batting: RHB Jeremy Giesler
|
0-0: Ball 1-0: Ball 2-0: Called Strike 2-1: Ball 3-1: Foul Ball, location: 2F 3-2: 2-RUN HOME RUN (Flyball, 7LD, EV 93.1 MPH), Distance : 340 ft
|
|
Batting: RHB Alex Munoz
|
0-0: Foul Ball, location: 2F 0-1: Ball 1-1: Swinging Strike 1-2: Ball 2-2: Ball 3-2: Base on Balls
|
|
Batting: SHB Bob Morales
|
0-0: Ground out 5-3 (Groundball, 6, EV 106.2 MPH)
|
| Bottom of the 5th over - 2 runs, 2 hits, 0 errors, 1 left on base; Lehigh Valley 0 - Gwinnett 3 |
| TOP OF THE 6TH |
|
Lehigh Valley IronPigs batting - Pitching for Gwinnett Braves : RHP Phil Feldscher
|
|
Batting: LHB Chris Moody
|
0-0: Foul Ball, location: 2F 0-1: Ball 1-1: Ball 2-1: Fly out, F6 (Popup, 4S, EV 83.1 MPH)
|
|
Batting: RHB Mark Schultz
|
0-0: Swinging Strike 0-1: Foul Ball, location: 2F 0-2: Ball 1-2: Foul Ball, location: 2F 1-2: Foul Ball, location: 2F 1-2: Strikes out swinging
|
|
Batting: RHB Melchor Sovrivilla
|
0-0: Ball 1-0: Ball 2-0: Ball 3-0: Swinging Strike 3-1: Base on Balls
|
|
Batting: RHB Jose Leon
|
0-0: Ball 1-0: Ball 2-0: Called Strike 2-1: Called Strike 2-2: Ball 3-2: Foul Ball, location: 2F 3-2: Base on Balls Melchor Sovrivilla to second
|
|
Batting: LHB Jose Carlos
|
0-0: Foul Ball, location: 2F 0-1: Foul Ball, location: 2F 0-2: Strikes out looking
|
| Top of the 6th over - 0 runs, 0 hits, 0 errors, 2 left on base; Lehigh Valley 0 - Gwinnett 3 |
| BOTTOM OF THE 6TH |
|
Gwinnett Braves batting - Pitching for Lehigh Valley IronPigs : RHP Lida Sestak
|
|
Batting: RHB Muneer Maudad
|
0-0: Swinging Strike 0-1: Swinging Strike 0-2: Foul Ball, location: 2F 0-2: Ball 1-2: Strikes out looking
|
|
Batting: SHB Brian Bagley
|
0-0: Ball 1-0: Ball 2-0: Ball 3-0: Fly out, F7 (Flyball, 7S, EV 80.0 MPH)
|
|
Batting: LHB Mark Buchholz
|
0-0: Foul Ball, location: 2F 0-1: SINGLE (Groundball, 4MS, EV 69.4 MPH) (infield hit)
|
|
Batting: RHB Nate Taylor
|
0-0: Ball 1-0: Called Strike 1-1: Foul Ball, location: 2F 1-2: Ball 2-2: Foul Ball, location: 2F 2-2: Foul Ball, location: 2F 2-2: Foul Ball, location: 2F 2-2: Foul Ball, location: 2F 2-2: Fly out, F8 (Flyball, 8RD, EV 85.6 MPH)
|
| Bottom of the 6th over - 0 runs, 1 hit, 0 errors, 1 left on base; Lehigh Valley 0 - Gwinnett 3 |
| TOP OF THE 7TH |
|
Lehigh Valley IronPigs batting - Pitching for Gwinnett Braves : RHP Phil Feldscher
|
|
Batting: SHB Josh Schultze
|
0-0: Foul Ball, location: 2F 0-1: Foul Ball, location: 2F 0-2: Ground out 6-3 (Groundball, 6, EV 111.9 MPH)
|
|
Batting: SHB Kaname Fujimoto
|
0-0: Ball 1-0: Called Strike 1-1: Ball 2-1: Ball 3-1: Foul Ball, location: 2F 3-2: Fly out, F3 (Popup, 3S, EV 73.8 MPH)
|
|
Batting: LHB Pat Shaddock
|
0-0: Ball 1-0: Ball 2-0: Ball 3-0: Called Strike 3-1: SINGLE (Line Drive, 89M, EV 89.4 MPH)
|
|
Batting: LHB Tom Edwards
|
0-0: Called Strike 0-1: Ball 1-1: Ball 2-1: Swinging Strike 2-2: Foul Ball, location: 2F 2-2: Ground out 4-3 (Groundball, 4, EV 104.4 MPH)
|
| Top of the 7th over - 0 runs, 1 hit, 0 errors, 1 left on base; Lehigh Valley 0 - Gwinnett 3 |
| BOTTOM OF THE 7TH |
|
Gwinnett Braves batting - Pitching for Lehigh Valley IronPigs : RHP Lida Sestak
|
|
Batting: RHB Edgar Castillo
|
0-0: Fly out, F8 (Flyball, 8LD, EV 100.6 MPH)
|
|
Batting: SHB Eric Reeser
|
0-0: Ball 1-0: Foul Ball, location: 2F 1-1: Ball 2-1: Ball 3-1: Base on Balls
|
|
Batting: RHB Jeremy Giesler
|
0-0: Called Strike 0-1: Ball 1-1: Swinging Strike 1-2: Ball 2-2: Fielders Choice at 2nd, 3-6 (Groundball, 34S, EV 81.9 MPH)
|
|
Batting: RHB Alex Munoz
|
0-0: Called Strike Jeremy Giesler steals 2nd, throwing error, E2 Jeremy Giesler to third 0-1: 2-RUN HOME RUN (Flyball, 78XD, EV 98.8 MPH), Distance : 400 ft
|
|
Pitching: RHP Chad Capaldi
|
|
|
Batting: SHB Bob Morales
|
0-0: Ball 1-0: Called Strike 1-1: Ball 2-1: Foul Ball, location: 2F 2-2: Ball 3-2: Base on Balls
|
|
Batting: RHB Muneer Maudad
|
0-0: Ball 1-0: Ball 2-0: SINGLE (Groundball, 5D, EV 106.2 MPH) Bob Morales to second
|
|
Batting: SHB Brian Bagley
|
0-0: Ball 1-0: Swinging Strike 1-1: Foul Ball, location: 2F 1-2: Strikes out swinging
|
| Bottom of the 7th over - 2 runs, 2 hits, 1 error, 2 left on base; Lehigh Valley 0 - Gwinnett 5 |
| TOP OF THE 8TH |
|
Lehigh Valley IronPigs batting - Pitching for Gwinnett Braves : RHP Phil Feldscher
|
|
Pitching: LHP Justin Sullins
|
|
|
Batting: LHB Chris Moody
|
0-0: Ball 1-0: Called Strike 1-1: Ball 2-1: Ball 3-1: Foul Ball, location: 2F 3-2: Foul Ball, location: 2F 3-2: Foul Ball, location: 2F 3-2: Strikes out swinging
|
|
Batting: RHB Mark Schultz
|
0-0: Ball 1-0: SINGLE (Flyball, 4MD, EV 96.2 MPH)
|
|
Batting: RHB Melchor Sovrivilla
|
0-0: DOUBLE (Groundball, 5L, EV 105.6 MPH) Mark Schultz to third Runner from 3rd tries for Home, SAFE, throw by LF to home
|
|
Batting: RHB Jose Leon
|
0-0: Swinging Strike 0-1: Swinging Strike 0-2: Ball 1-2: Ball 2-2: Foul Ball, location: 2F 2-2: Ball 3-2: Fly out, F8 (Flyball, 8LD, EV 95.0 MPH)
|
|
Batting: LHB Jose Carlos
|
0-0: Called Strike 0-1: Foul Ball, location: 2F 0-2: Foul Ball, location: 2F 0-2: Foul Ball, location: 2F 0-2: Ball 1-2: Strikes out swinging
|
| Top of the 8th over - 1 run, 2 hits, 0 errors, 1 left on base; Lehigh Valley 1 - Gwinnett 5 |
| BOTTOM OF THE 8TH |
|
Gwinnett Braves batting - Pitching for Lehigh Valley IronPigs : RHP Chad Capaldi
|
|
Batting: LHB Mark Buchholz
|
0-0: SINGLE (Groundball, 56S, EV 71.9 MPH) (infield hit)
|
|
Batting: RHB Nate Taylor
|
0-0: Called Strike 0-1: Ball 1-1: Ball 2-1: Foul Ball, location: 2F 2-2: TRIPLE (Flyball, 89XD, EV 96.2 MPH) Mark Buchholz scores
|
|
Batting: RHB Edgar Castillo
|
0-0: Ball 1-0: Ball 2-0: Called Strike 2-1: Called Strike 2-2: Ground out 5-3 (Groundball, 56, EV 85.6 MPH) Nate Taylor scores
|
|
Batting: SHB Eric Reeser
|
0-0: Called Strike 0-1: Swinging Strike 0-2: Strikes out swinging
|
|
Batting: RHB Jeremy Giesler
|
0-0: Called Strike 0-1: Ball 1-1: SINGLE (Groundball, 56D, EV 103.8 MPH)
|
|
Batting: RHB Alex Munoz
|
0-0: Ball 1-0: Called Strike 1-1: SINGLE (Flyball, 34D, EV 89.4 MPH) Jeremy Giesler to second Runner from 2nd tries for 3rd, SAFE, throw by RF made to third
|
|
Batting: SHB Bob Morales
|
0-0: Foul Ball, location: 2F 0-1: Ball 1-1: DOUBLE (Flyball, 8RXD, EV 88.1 MPH) Jeremy Giesler scores Alex Munoz to third Runner from 3rd tries for Home, SAFE, throw by CF to home
|
|
Batting: RHB Muneer Maudad
|
0-0: Called Strike 0-1: Foul Ball, location: 2F 0-2: Ball 1-2: Ball 2-2: Foul Ball, location: 2F 2-2: SINGLE (Line Drive, 9S, EV 95.0 MPH) Bob Morales to third Runner from 3rd tries for Home, SAFE, throw by RF to home
|
|
Pitching: RHP Julio Espinel
|
|
|
Batting: SHB Brian Bagley
|
0-0: Foul Ball, location: 2F 0-1: Ball 1-1: Ball 2-1: Fly out, F8 (Flyball, 8RD, EV 80.6 MPH)
|
| Bottom of the 8th over - 5 runs, 6 hits, 0 errors, 1 left on base; Lehigh Valley 1 - Gwinnett 10 |
| TOP OF THE 9TH |
|
Lehigh Valley IronPigs batting - Pitching for Gwinnett Braves : LHP Justin Sullins
|
|
Batting: SHB Josh Schultze
|
0-0: Ball 1-0: Foul Ball, location: 2F 1-1: Foul Ball, location: 2F 1-2: Strikes out looking
|
|
Batting: SHB Kaname Fujimoto
|
0-0: Called Strike 0-1: Ball 1-1: Ball 2-1: Ball 3-1: Called Strike 3-2: Ground out U3 (Groundball, 34, EV 85.0 MPH)
|
|
Batting: LHB Pat Shaddock
|
0-0: Ball 1-0: Foul Ball, location: 2F 1-1: Ball 2-1: Called Strike 2-2: Ball 3-2: Strikes out swinging
|
| Top of the 9th over - 0 runs, 0 hits, 0 errors, 0 left on base; Lehigh Valley 1 - Gwinnett 10 |
|